 Dungeon Crawl Stone Soup version 0.32-a0-42-ga30500b4d3 (webtiles) character file.

Game seed: 15406438959134559083

3040 Newt the Fighter (level 9, -2/60 HPs)
             Began as a Gargoyle Fighter on Jan 30, 2024.
             Was an Initiate of Okawaru.
             Slain by a komodo dragon (16 damage)
             ... on level 8 of the Dungeon.
             The game lasted 00:10:04 (6504 turns).

Newt the Fighter (Gargoyle Fighter)                 Turns: 6504, Time: 00:10:05

Health: -2/60      AC: 15    Str: 23    XL:     9   Next: 86%
Magic:  9/9        EV: 21    Int: 10    God:    Okawaru [......]
Gold:   369        SH:  5    Dex:  9    Spells: 8/8 levels left

rFire   . . .        z - +1 whip (elec)
rCold   . . .        c - +0 buckler
rNeg    + . .        o - +5 robe of Misfortune {Harm *Corrode *Slow EV+5}
rPois   ∞            (no helmet)
rElec   +            s - scarf {+Inv}
rCorr   +            (no gloves)
SInv    .            y - +0 pair of boots
Will    .....        (no amulet)
Stlth   +            g - +5 ring of evasion
HPRegen 0.30/turn    C - ring of resist corrosion
MPRegen 0.11/turn

%: corrode self (3%), slow self (1%), harm (+30% outgoing, +20% incoming)
@: no status effects
A: sickness immunity, AC +6, negative energy resistance 1, electricity
resistance, torment resistance 1, petrification resistance
a: Renounce Religion, Evoke Invisibility


You were on level 8 of the Dungeon.
You worshipped Okawaru.
Okawaru was noncommittal.
You visited 2 branches of the dungeon, and saw 9 of its levels.

You collected 369 gold pieces.

Inventory:

Hand Weapons
 a - a +0 flail
 z - a +1 whip of electrocution (weapon)
Missiles
 F - 3 javelins
 L - 10 poisoned darts
Armour
 b - a +0 scale mail
 c - a +0 buckler (worn)
 d - a +2 ring mail of cold resistance
 m - a +0 leather armour of willpower
 o - the +5 robe of Misfortune (worn) {Harm *Corrode *Slow EV+5}
   (You found it on level 3 of the Dungeon)

   EV+5:      It affects your evasion (+5).
   *Corrode:  It may corrode you when you take damage.
   *Slow:     It may slow you when you take damage.
   Harm:      It increases damage dealt and taken.
 s - a scarf of invisibility (worn)
 y - a +0 pair of boots (worn)
Jewellery
 g - a +5 ring of evasion (left hand)
 k - a ring of protection from cold
 n - a +4 ring of protection
 t - a +6 ring of intelligence
 B - an amulet of magic regeneration
 C - a ring of resist corrosion (right hand)
 D - a ring of wizardry
 K - an amulet of regeneration
Wands
 r - a wand of flame (4)
 u - a wand of iceblast (16)
 H - a wand of charming (8)
Scrolls
 f - a scroll of torment
 w - a scroll of fog
 A - a scroll of revelation
 E - a scroll of identify
 I - a scroll of blinking
Potions
 e - a potion of berserk rage
 h - 2 potions of lignification
 i - 2 potions of attraction
 j - a potion of ambrosia
 l - 2 potions of magic
 p - a potion of curing
 q - 3 potions of degeneration
 x - a potion of invisibility
 G - a potion of brilliance
 J - a potion of might


   Skills:
 + Level 9.2 Fighting
 - Level 6.0 Maces & Flails
 * Level 7.8 Armour
 - Level 8.0 Shields


You had 8 spell levels left.
You didn't know any spells.
Your spell library contained the following spells:

 Spells                   Type           Power      Damage    Failure   Level
 Apportation              Tloc           0%         N/A       41%         1
 Foxfire                  Conj/Fire      0%         2x1d4     41%         1
 Necrotise                Necr           0%         1d4       41%         1
 Slow                     Hex            0%         N/A       41%         1
 Sting                    Conj/Alch      0%         1d3       41%         1
 Scorch                   Fire           0%         2d5       54%         2
 Confusing Touch          Hex            0%         N/A       78%         3
 Sigil of Binding         Hex            0%         N/A       78%         3
 Vampiric Draining        Necr           0%         2d6       78%         3
 Flame Wave               Conj/Fire      0%         2d4       99%         4
 Plasma Beam              Fire/Air       0%         2x1d10    100%        6
 Starburst                Conj/Fire      0%         6d3       100%        6
 Summon Small Mammal      Summ           Unusable   N/A       N/A         1
 Summon Ice Beast         Ice/Summ       Unusable   N/A       N/A         3
 Summon Mana Viper        Hex/Summ       Unusable   N/A       N/A         5
 Summon Cactus Giant      Summ           Unusable   N/A       N/A         6
 Monstrous Menagerie      Summ           Unusable   N/A       N/A         7

Dungeon Overview and Level Annotations

Branches:
Dungeon (8/15)             Temple (1/1) D:7            Lair (0/5) D:8

Altars:
Dithmenos
Elyvilon
Fedhas
Hepliaklqana
Kikubaaqudgha
Makhleb
Nemelex Xobeh
Okawaru
Qazlal
Ru
Sif Muna
Trog
Uskayaw
Vehumet
Wu Jian
Xom
Yredelemnul
Zin
The Shining One

Annotations:
D:4 1 runed translucent door


Innate Abilities, Weirdness & Mutations

You are immune to sickness and miasma.
Your stone body is resilient. (AC +6)
You are immune to poison.
You resist negative energy. (rN+)
You are resistant to electric shocks. (rElec)
You are resistant to unholy torment.
You are immune to petrification.


Message History

The komodo dragon is moderately wounded.
The komodo dragon misses you.
You completely miss the komodo dragon.
The komodo dragon is moderately wounded.
The komodo dragon bites you!!
You hit the komodo dragon.
Lightning courses through the komodo dragon!
The komodo dragon is severely wounded.
You hit the komodo dragon but do no damage.
The komodo dragon is severely wounded.
The komodo dragon hisses menacingly.
The komodo dragon barely misses you.
You barely miss the komodo dragon.
The komodo dragon is severely wounded.
The komodo dragon bites you!
An orc warrior comes into view. It is wielding a +0 dire flail.
You hit the komodo dragon.
The komodo dragon is severely wounded.
The komodo dragon misses you.
You hit the komodo dragon.
The komodo dragon is almost dead.
The komodo dragon bites you but does no damage.
You hit the komodo dragon but do no damage.
The komodo dragon is almost dead.
You hit the komodo dragon but do no damage.
The komodo dragon is almost dead.
The komodo dragon bites you!!
* * * LOW HITPOINT WARNING * * *
Unknown command.
Throw: throwing net
Press: ? - help, Shift-Dir - straight line, f/p - komodo dragon
Aim: a komodo dragon (almost dead, 64% to hit)
You throw a throwing net.
The throwing net barely misses the komodo dragon.
The throwing net closely misses the orc.
The komodo dragon barely misses you.
You feel better.
The komodo dragon hisses menacingly.
The komodo dragon bites you!
You die...

#####.#
#####.....#
#.....#####
#.###.#
#.## #..#
##.# #)#
#@# #l# #o#
.....oo.#
...o....#
P.5....(#
.......##
.>.....
......#


You could see a komodo dragon, an orc warrior and an orc.

Vanquished Creatures
  Pikel (D:5)
  A troll (D:8)
  Grinder (D:5)
  A water moccasin (D:7)
  A black bear (D:6)
  Duvessa (D:5)
  3 ice beasts
  2 sky beasts
  An ogre (D:6)
  A phantom (D:7)
  2 centaurs (D:6)
  The ghost of Curundu the Conjurer, an amateur DECj (D:4)
  2 kobold brigands
  A scorpion (D:5)
  Dowan (D:5)
  5 bombardier beetles
  3 jellies
  4 hounds
  2 gnoll boudas
  An orc priest (D:8)
  3 orc wizards
  Ijyb (D:5)
  3 adders (D:4)
  13 gnolls
  A river rat (D:4)
  A shadow imp (D:7)
  4 dart slugs
  9 orcs
  8 ball pythons
  3 bats
  2 endoplasms
  A giant cockroach (D:4)
  3 goblins
  6 hobgoblins
  2 quokkas (D:1)
  2 frilled lizards (D:2)
  5 kobolds
  9 rats
111 creatures vanquished.

Notes
Turn   | Place    | Note
-------+----------+-------------------------------------------
     0 | D:1      | Newt the Gargoyle Fighter began the quest for the Orb.
     0 | D:1      | Reached XP level 1. HP: 14/14 MP: 1/1
   338 | D:1      | Reached XP level 2. HP: 19/19 MP: 2/2
  1083 | D:2      | Reached XP level 3. HP: 24/24 MP: 3/3
  1633 | D:3      | Noticed an ice beast
  1641 | D:3      | Killed an ice beast
  1642 | D:3      | Reached skill level 4 in Fighting
  1642 | D:3      | Reached XP level 4. HP: 30/30 MP: 4/4
  1642 | D:3      | Reached XP level 5. HP: 34/34 MP: 5/5
  1663 | D:3      | Found an ancient bone altar of Kikubaaqudgha.
  1934 | D:3      | Found the +5 robe of Misfortune {Harm *Corrode *Slow EV+5}
  2291 | D:4      | Found a runed translucent door.
  2293 | D:4      | Noticed Curundu's ghost (amateur DECj)
  2498 | D:4      | Found a runed translucent door.
  2595 | D:4      | Noticed a kobold brigand
  2621 | D:4      | Killed a kobold brigand
  2622 | D:4      | Reached skill level 5 in Fighting
  2622 | D:4      | Reached skill level 5 in Maces & Flails
  2622 | D:4      | Reached XP level 6. HP: 40/40 MP: 6/6
  2726 | D:4      | Noticed a sky beast
  2735 | D:4      | Killed a sky beast
  2933 | D:4      | Reached XP level 7. HP: 44/44 MP: 7/7
  3323 | D:4      | Killed Curundu's ghost
  3378 | D:5      | Entered Level 5 of the Dungeon
  3475 | D:5      | Reached skill level 6 in Fighting
  3538 | D:5      | Noticed Ijyb
  3553 | D:5      | Killed Ijyb
  3598 | D:5      | Reached skill level 5 in Shields
  3612 | D:5      | Noticed Pikel
  3630 | D:5      | Killed Pikel
  3631 | D:5      | Reached skill level 7 in Fighting
  3631 | D:5      | Reached XP level 8. HP: 47/53 MP: 8/8
  3663 | D:5      | Noticed Duvessa
  3664 | D:5      | Noticed Dowan
  3680 | D:5      | Killed Duvessa
  3688 | D:5      | Killed Dowan
  3844 | D:5      | Noticed Grinder
  3855 | D:5      | Killed Grinder
  4215 | D:6      | Reached XP level 9. HP: 31/59 MP: 9/9
  4221 | D:6      | Reached skill level 8 in Fighting
  4543 | D:6      | Reached skill level 5 in Armour
  5016 | D:6      | Found a glowing golden altar of the Shining One.
  5510 | D:7      | Found a stormy altar of Qazlal.
  6033 | D:7      | Found a staircase to the Ecumenical Temple.
  6135 | Temple   | Entered the Ecumenical Temple
  6164 | Temple   | Became a worshipper of Warmaster Okawaru
  6237 | D:8      | Noticed a troll
  6252 | D:8      | Killed a troll
  6253 | D:8      | Reached skill level 9 in Fighting
  6488 | D:8      | Found a staircase to the Lair.
  6488 | D:8      | Noticed a komodo dragon
  6504 | D:8      | Slain by a komodo dragon

Illustrated notes

Levels and vault maps discovered:
D:1:      amcnicky_arrival_choice, layout_loops_ring, minmay_tromino_mix6
D:2:      layout_basic
D:3:      layout_loops_ring, kiku_gazebo_garden_becter
D:4:      layout_loops_corners, ebering_ghost_sewer_f, serial_park_tiny_pond,
          minmay_misc_feat_rows
D:5:      layout_gridville, minmay_quadrilaterals, uniq_ijyb, uniq_grinder,
          uniq_pikel, uniq_duvessa
D:6:      layout_basic, mainiacjoe_overflow_tiny_flanked,
          serial_co_window_serial, co_window_paths_a, co_window_paths_a,
          co_window_paths_a, co_window_corner_a, co_window_paths_a,
          co_window_2corner, co_window_corner_ca, co_window_of_opportunity_b,
          glass_columns_c, glass_columns_a, small_statue_alley_b
D:7:      layout_loops_corners, nicolae_qazlal_eye_of_the_storm,
          minmay_temple_entry_enclosed_plants
D:8:      layout_rooms, david_lair_shrubbed
Temple:   kb_temple_of_zot

Skill      XL: |  1  2  3  4  5  6  7  8  9 |
---------------+----------------------------+-----
Maces & Flails | 3 4 5 6 |  6.0
Fighting       | 4 5 7 9 |  9.2
Shields        | 6 8 |  8.0
Armour         | 4 7 |  7.8

Action                     |  1- 3 |  4- 6 |  7- 9 || total
---------------------------+-------+-------+-------++-------
  Melee: Flail             |    99 |   109 |   136 ||   344
         Whip              |       |       |   200 ||   200
  Throw: Throwing net      |       |       |     1 ||     1
Ability: Evoke Invisibilit |       |       |     1 ||     1
  Evoke: Wand              |       |       |     2 ||     2
    Use: Scroll            |     4 |     2 |     7 ||    13
         Potion            |     1 |       |     5 ||     6
   Stab: Invisible         |       |       |     2 ||     2
         Sleeping          |       |       |     1 ||     1
 Armour: Scale mail        |    44 |       |       ||    44
         Robe              |       |    26 |   102 ||   128
  Dodge: Dodged            |    60 |   106 |   284 ||   450
  Block: Buckler           |    11 |    20 |    67 ||    98

Table legend: (Time is in decaauts)
 A = Elapsed time spent in this place.
 B = Non-inter-level travel time spent in this place.
 C = Inter-level travel time spent in this place.
 D = Time resting spent in this place.
 E = Time spent auto-exploring this place.
 F = Levels seen in this place.
 G = Mean time per level.
                   A        B        C        D        E       F      G
               +--------+--------+--------+--------+--------+-----+--------+
         Total |   6545 |   6004 |    541 |    346 |   4584 |   9 |  727.2 |
       Dungeon |   6486 |   6002 |    484 |    346 |   4584 |   8 |  810.8 |
        Temple |     58 |      1 |     57 |      0 |      0 |   1 |   58.0 |
               +--------+--------+--------+--------+--------+-----+--------+

Top non-repeatable levels by time:
     D:4: 1135 daAuts
     D:7: 1018 daAuts
     D:6: 926 daAuts
     D:5: 838 daAuts
     D:1: 799 daAuts
     D:2: 775 daAuts
     D:3: 724 daAuts
     D:8: 269 daAuts
  Temple: 58 daAuts
